 Dungeon Crawl Stone Soup version 0.26.0-10-g1f06aea511 (webtiles) character file.

Game seed: 13952937291338630234

1563 Borgoz the Ducker (level 8, -4/68 HPs)
             Began as a Ghoul Gladiator on Jan 30, 2021.
             Slain by Pikel
             ... wielding a +0 whip of electrocution
              (13 damage)
             ... on level 7 of the Dungeon.
             The game lasted 00:07:41 (7911 turns).

Borgoz the Ducker (Ghoul Gladiator)                 Turns: 7911, Time: 00:07:41

Health: -4/68      AC:  6    Str: 18    XL:     8   Next: 89%
Magic:  7/7        EV: 15    Int:  3    God:
Gold:   331        SH:  0    Dex: 12    Spells: 7/7 levels left

rFire    . . .     SeeInvis .   a - +1 long sword
rCold    + . .     Faith    .   (no shield)
rNeg     + + +     Spirit   .   b - +0 leather armour
rPois    ∞         Reflect  .   c - +1 helmet
rElec    .         Harm     .   j - +0 cloak
rCorr    .         Rampage  .   (no gloves)
Will     .....                  (no boots)
Stlth    +.........             (no amulet)
HPRegen  0.00/turn              (no ring)
MPRegen  0.10/turn              (no ring)

@: brilliant
A: claws 1, cold resistance 1, negative energy resistance 3, inhibited
regeneration, torment resistance, unbreathing
a: no special abilities


You were on level 7 of the Dungeon.
You visited 1 branch of the dungeon, and saw 7 of its levels.

You collected 331 gold pieces.

Inventory:

Hand Weapons
 a - a +1 long sword (weapon)
Armour
 b - a +0 leather armour (worn)
 c - a +1 helmet (worn)
 j - a +0 cloak (worn)
Wands
 h - a wand of iceblast (3)
Scrolls
 d - a scroll of identify
 e - 4 scrolls of remove curse
 i - a scroll of fog
 m - a scroll of magic mapping
Potions
 f - 2 potions of magic


   Skills:
 + Level 5.2 Fighting
 * Level 6.3 Long Blades
 - Level 1.7 Throwing
 + Level 3.6 Armour
 * Level 6.4 Dodging


You had 7 spell levels left.
You didn't know any spells.
Your spell library contained the following spells:

 Spells                   Type           Power        Failure   Level
 Animate Skeleton         Necr           0%           58%         1
 Apportation              Tloc           0%           58%         1
 Corona                   Hex            0%           58%         1
 Summon Small Mammal      Summ           0%           58%         1


Dungeon Overview and Level Annotations

Branches:
Dungeon (7/15)
 Temple: D:4-7

Altars:
Fedhas
Hepliaklqana
Nemelex Xobeh
Qazlal
Ru
Trog
Uskayaw
Yredelemnul
Zin
The Shining One

Annotations:
D:3 exclusion: oklob plant
D:7 Maggie, Pikel


Innate Abilities, Weirdness & Mutations

You thrive by killing the living.
You are immune to poison.
You have sharp fingernails.
Your flesh is cold resistant. (rC+)
You are immune to negative energy. (rN+++)
You do not regenerate when monsters are visible.
You are immune to unholy pain and torment.
You can survive without breathing.


Message History

Pikel is heavily wounded.
Pikel completely misses you.
You break out of your daze!
It was a potion of brilliance.
You feel clever all of a sudden. Pikel closely misses you.
You closely miss Pikel.
Pikel is heavily wounded.
Pikel hits you with a +0 whip of electrocution.
* * * LOW HITPOINT WARNING * * *
You hit Pikel.
Pikel is heavily wounded.
Pikel hits you with a +0 whip of electrocution.
* * * LOW HITPOINT WARNING * * *
You hit Pikel.
Pikel is severely wounded.
Pikel hits you with a +0 whip of electrocution.
* * * LOW HITPOINT WARNING * * *
You are electrocuted!
You die...

##..###)#..#
...# ##...#
####.###.#<.#
#.#..#..#
#####.#.#..#
...........#
####.#.#....>..
#.######## #@#
#K# #5c......
#y#######


oB# y5# ..y. ...# .)..# You could see Pikel, 2 lemures, a centaur, a worker ant,
3 killer bees and an orc.

Vanquished Creatures
  Duvessa (D:6)
  2 ice beasts
  3 ogres
  A centaur (D:5)
  A lemure (D:7)
  2 bullfrogs (D:6)
  Dowan (D:6)
  A scorpion (D:5)
  A centaur zombie (D:6)
  6 orc priests
  2 hounds
  A centaur skeleton (D:4)
  A gnoll shaman (D:6)
  2 orc wizards (D:6)
  Jessica (D:2)
  An iguana (D:6)
  2 worker ants (D:4)
  5 adders
  5 gnolls
  2 white imps
  2 ufetubi
  An adder skeleton (D:4)
  5 worms
  4 dart slugs
  5 leopard geckos
  15 orcs
  6 giant cockroaches
  3 goblins
  8 hobgoblins
  5 jackals
  5 kobolds
  6 quokkas
  3 ball pythons
  5 bats
  10 frilled lizards
  3 rats (D:3)
127 creatures vanquished.

Vanquished Creatures (others)
  8 fungi (D:3)
  17 plants (D:3)
25 creatures vanquished.

Grand Total: 152 creatures vanquished

Notes
Turn   | Place    | Note
-------+----------+-------------------------------------------
     0 | D:1      | Borgoz the Ghoul Gladiator began the quest for the Orb.
     0 | D:1      | Reached XP level 1. HP: 17/17 MP: 0/0
   130 | D:1      | Reached XP level 2. HP: 24/24 MP: 1/1
   574 | D:1      | Reached XP level 3. HP: 30/30 MP: 2/2
  1016 | D:2      | Noticed an ogre
  1030 | D:2      | Killed an ogre
  1031 | D:2      | Reached skill level 1 in Armour
  1031 | D:2      | Reached XP level 4. HP: 36/38 MP: 3/3
  1031 | D:2      | Reached XP level 5. HP: 42/45 MP: 4/4
  1092 | D:2      | Noticed Jessica
  1098 | D:2      | Killed Jessica
  1983 | D:3      | Found a glowing golden altar of the Shining One.
  2154 | D:3      | Found a blossoming altar of Fedhas.
  2170 | D:3      | Noticed an oklob plant
  2216 | D:3      | You fall into a shaft and drop 1 floor!
  2224 | D:4      | Reached XP level 6. HP: 9/51 MP: 5/5
  2438 | D:5      | Entered Level 5 of the Dungeon
  3032 | D:4      | Reached XP level 7. HP: 48/58 MP: 6/6
  3258 | D:4      | Found a hazy altar of Hepliaklqana.
  4204 | D:5      | Reached skill level 5 in Dodging
  4420 | D:5      | Reached skill level 5 in Long Blades
  4687 | D:5      | Found a bloodstained altar of Trog.
  4861 | D:6      | HP: 2/59 [ogre/+0 giant spiked club (24)]
  5184 | D:6      | Noticed Duvessa
  5184 | D:6      | Noticed Dowan
  5202 | D:6      | Killed Duvessa
  5203 | D:6      | Reached XP level 8. HP: 27/67 MP: 7/7
  5204 | D:6      | Killed Dowan
  6124 | D:7      | Noticed Pikel
  6970 | D:6      | Reached skill level 5 in Fighting
  7581 | D:6      | Found a sparkling altar of Nemelex Xobeh.
  7581 | D:6      | Found a glowing silver altar of Zin.
  7586 | D:6      | Found a sacrificial altar of Ru.
  7588 | D:6      | Found a faded altar of an unknown god.
  7589 | D:6      | Found a faded altar of an unknown god.
  7827 | D:6      | Found a stormy altar of Qazlal.
  7827 | D:6      | Found a hide-covered altar of Uskayaw.
  7828 | D:6      | Found a basalt altar of Yredelemnul.
  7893 | D:7      | Noticed Maggie
  7911 | D:7      | Slain by Pikel

Illustrated notes

Levels and vault maps discovered:
D:1:      roderic_crossed_star, layout_loops_ring, grunt_decor_resistance,
          kennysheep_nondescript, hangedman_feature_mirror
D:2:      layout_basic, uniq_jessica
D:3:      layout_loops_ring, tgw_fedhas, minmay_misc_feat_ornament,
          nicolae_tso_swordbearing_angel
D:4:      layout_cave_pods, lemuel_doored_altar
D:5:      layout_loops_cross, lightli_temple_of_fire
D:6:      layout_gridville, gammafunk_temple_overflow_claw,
          chequers_temple_overflow_minitemple, uniq_duvessa
D:7:      layout_loops_ring, minmay_temple_entry_fiery,
          chequers_serial_rivers_small_b, uniq_pikel, uniq_maggie, uniq_joseph

Skill      XL: |  1  2  3  4  5  6  7  8 |
---------------+-------------------------+-----
Dodging        | 3 4 5 6 |  6.4
Long Blades    | 3 4 5 6 |  6.3
Fighting       | 3 4 5 |  5.2
Armour         | 1 2 3 |  3.6
Throwing       | |  1.7

Action                   |  1- 3 |  4- 6 |  7- 9 || total
-------------------------+-------+-------+-------++-------
Melee: Long sword        |    88 |   137 |   296 ||   521
Throw: Throwing net      |     2 |       |     2 ||     4
  Use: Scroll            |       |    14 |     8 ||    22
       Potion            |       |     2 |     7 ||     9
 Stab: Held in net/web   |     2 |       |       ||     2
       Invisible         |       |     2 |       ||     2
Armor: Leather armour    |    34 |    29 |    80 ||   143
Dodge: Dodged            |    65 |   118 |   312 ||   495
       Rpst.: Long sword |    19 |    35 |    86 ||   140
